Map: Blackpink LE

Players

GhostShadow

  • Race: Zerg Zerg
  • League: Grandmaster
  • Spawn Location: 1:00

Kyoto - Winner!

  • Race: Protoss Protoss
  • League: Grandmaster
  • Spawn Location: 7:00

VOD

Have the link to the VOD?

Description

Time

  • Played on: Feb. 19, 2018, 3:40 a.m.
  • Length: 11:42
Show
View Real Time Build Order
Export as new Build Order

GhostShadow Zerg 

Build Orders: 3 Hatch before Pool 

Get SALT Encoding   

  12  0:00  Drone  
  13  0:12  Overlord  
  13  0:17  Drone  
  14  0:30  Drone  
  14  0:32  Drone  
  14  0:34  Drone  
  17  0:51  Hatchery  
  17  0:54  Drone  
  17  0:57  Drone  
  18  1:06  Drone  
  19  1:22  Hatchery  
  19  1:24  Extractor  
  17  1:34  Spawning Pool  
  17  1:37  Drone  
  17  1:40  Drone  
  17  1:43  Drone  
  19  1:50  Drone  
  20  1:59  Overlord  
  20  2:03  Drone  
  21  2:11  Drone  
  21  2:15  Drone  
  23  2:21  Queen x2  
  27  2:24  Zergling x2  
  27  2:27  Drone  
  29  2:33  Metabolic Boost  
  29  2:36  Drone  
  30  2:40  Drone  
  30  2:43  Zergling x2  
  32  2:46  Queen  
  32  2:49  Drone  
  35  2:54  Drone x2  
  35  2:57  Drone  
  38  3:02  Queen  
  40  3:08  Extractor  
  40  3:09  Extractor  
  38  3:13  Drone x3  
  38  3:17  Overlord  
  43  3:20  Overlord  
  43  3:32  Spore Crawler, Overlord x2  
  43  3:34  Spore Crawler  
  41  3:35  Spore Crawler, Drone  
  41  3:36  Drone  
  41  3:40  Drone x2  
  44  3:44  Drone  
  44  3:45  Drone x2  
  44  3:48  Drone x2  
  49  3:51  Drone  
  49  3:53  Drone  
  51  3:56  Drone x2  
  51  4:02  Lair  
  53  4:03  Drone  
  53  4:06  Overlord  
  53  4:07  Drone  
  55  4:13  Overlord  
  55  4:18  Extractor x2  
  55  4:20  Drone  
  55  4:21  Evolution Chamber  
  55  4:22  Roach Warren  
  52  4:27  Overlord x2  
  52  4:28  Drone  
  53  4:38  Drone x3  
  55  4:45  Overlord x2  
  55  4:53  Zerg Missile Weapons Level 1  
  55  4:55  Drone  
  55  4:56  Drone x8  
  64  5:04  Glial Reconstitution  
  64  5:09  Drone x6  
  64  5:10  Drone x3  
  64  5:11  Extractor  
  72  5:24  Roach, Drone  
  72  5:25  Roach x3  
  72  5:26  Hatchery  
  72  5:27  Roach  
  82  5:30  Roach  
  82  5:35  Roach x2  
  88  5:37  Roach  
  88  5:38  Overlord  
  88  5:41  Roach  
  92  5:46  Roach x3  
  92  5:49  Roach  
  100  5:50  Overlord  
  100  5:51  Roach  
  100  5:53  Overlord  
  100  5:56  Roach  
  104  6:03  Roach x2  
  106  6:06  Roach x3  
  106  6:10  Roach  
  108  6:16  Roach x3  
  109  6:19  Roach  
  109  6:24  Roach  
  109  6:25  Roach x2  
  109  6:28  Overlord  
  109  6:29  Zergling x8  
  103  6:33  Roach  
  103  6:34  Zergling x2  
  104  6:43  Roach  
  104  6:47  Roach  
  106  6:51  Roach  
  105  6:55  Ravager x2  
  105  6:57  Roach  
  105  6:58  Drone x2  
  111  7:04  Roach x2  
  111  7:06  Zergling x2  
  111  7:08  Overlord  
  113  7:15  Ravager  
  114  7:16  Ravager  
  114  7:18  Zergling x2  
  114  7:19  Zergling x6  
  117  7:26  Roach x2, Zergling x2  
  120  7:32  Zergling x2  
  120  7:33  Roach  
  120  7:34  Roach  
  120  7:37  Roach x3  
  127  7:40  Ravager, Zergling x2  
  125  7:47  Roach x2  
  125  7:50  Zergling x6  
  124  7:51  Ravager  
  124  7:54  Zergling x2  
  124  7:57  Roach  
  124  7:58  Zergling x2  
  122  8:05  Roach x2  
  117  8:11  Roach  
  113  8:18  Zergling x2  
  101  8:21  Roach x2  
  101  8:23  Zergling x2  
  101  8:26  Spire, Drone  
  97  8:31  Roach  
  94  8:35  Roach x3  
  94  8:37  Zergling x2  
  99  8:43  Ravager  
  99  8:45  Zergling x10  
  99  8:47  Hatchery  
  104  8:49  Drone x2  
  106  8:58  Drone  
  106  8:59  Drone  
  106  9:00  Roach  
  96  9:10  Drone x5  
  96  9:14  Drone x2  
  96  9:16  Extractor  
  102  9:17  Extractor  
  102  9:22  Drone x4  
  102  9:23  Queen  
  107  9:30  Overlord x2  
  107  9:44  Mutalisk  
  107  9:45  Mutalisk x5  
  117  9:52  Mutalisk  
  117  9:55  Roach  
  117  9:56  Roach  
  117  9:59  Zergling x10  
  127  10:07  Mutalisk  
  115  10:12  Zergling x2  
  116  10:25  Roach x3  
  116  10:26  Roach, Zergling x8  
  126  10:43  Roach  
  126  10:45  Roach  
  126  10:46  Roach x8  
  126  10:48  Ravager x3  
  131  11:04  Roach x3  
  131  11:05  Roach x7  
  131  11:10  Roach x2  
  149  11:15  Roach x2  
Show
View Real Time Build Order
Export as new Build Order

Kyoto Protoss - Winner!

Build Orders: 1 Gate Expand, Oracle Opening, Phoenix Opening, Zealot Archon 

Get SALT Encoding   

  12  0:00  Probe  
  13  0:13  Probe  
  14  0:18  Pylon  
  14  0:25  Probe (Chrono Boost)  
  15  0:37  Probe (Chrono Boost)  
  15  0:39  Gateway  
  16  0:45  Probe (Chrono Boost)  
  16  0:47  Assimilator  
  17  0:51  Probe  
  18  1:03  Probe  
  19  1:15  Probe  
  20  1:23  Nexus  
  20  1:33  Cybernetics Core  
  20  1:36  Probe  
  21  1:43  Assimilator  
  21  1:48  Probe  
  21  1:52  Pylon  
  22  2:00  Probe  
  23  2:12  Probe  
  24  2:16  Stargate  
  24  2:18  Adept (Chrono Boost)  
  26  2:24  Probe  
  27  2:33  Warp Gate  
  27  2:36  Probe (Chrono Boost)  
  29  2:37  Probe (Chrono Boost)  
  29  2:39  Adept  
  31  2:47  Probe x2 (Chrono Boost)  
  33  2:52  Probe x2 (Chrono Boost)  
  35  3:01  Phoenix  
  35  3:02  Probe x2  
  39  3:06  Adept  
  41  3:14  Probe  
  41  3:15  Probe  
  41  3:16  Assimilator  
  41  3:17  Assimilator, Pylon  
  43  3:26  Probe  
  43  3:27  Probe  
  45  3:35  Oracle  
  45  3:39  Probe x2  
  50  3:43  Gateway  
  50  3:44  Pylon  
  50  3:51  Probe x2 (Chrono Boost)  
  52  3:56  Twilight Council  
  52  4:02  Probe x2 (Chrono Boost)  
  54  4:07  Probe x2 (Chrono Boost)  
  54  4:08  Robotics Facility  
  56  4:19  Gateway  
  56  4:20  Gateway  
  56  4:30  Charge (Chrono Boost)  
  56  4:32  Gateway  
  56  4:33  Gateway  
  56  4:36  Templar Archives  
  56  4:47  Pylon  
  56  4:48  Zealot x2  
  56  4:52  Warp Prism (Chrono Boost)  
  62  5:02  Pylon  
  62  5:10  Nexus  
  62  5:16  High Templar  
  62  5:17  High Templar x3  
  62  5:19  Pylon  
  70  5:22  Archon  
  70  5:23  Archon  
  70  5:29  Pylon  
  70  5:30  Zealot  
  70  5:31  Zealot  
  70  5:33  Pylon  
  74  5:51  Zealot x5  
  74  5:52  Zealot  
  86  5:58  Probe x2  
  88  6:10  Probe x2  
  88  6:18  Zealot x6  
  92  6:24  Psionic Storm  
  98  6:30  Immortal (Chrono Boost)  
  98  6:31  Probe x3  
  95  6:43  High Templar x4  
  99  6:47  Probe x2  
  93  6:56  Probe  
  93  7:00  Immortal (Chrono Boost), Zealot x2  
  92  7:15  Shield Battery, Zealot  
  92  7:16  Zealot x3  
  92  7:17  Shield Battery  
  100  7:28  Immortal (Chrono Boost)  
  96  7:33  Zealot x2  
  94  7:39  Zealot x2  
  94  7:40  Zealot x2  
  96  7:51  Probe x3  
  95  7:54  Gateway  
  95  7:56  Gateway  
  91  7:58  Gateway  
  91  8:02  Gateway  
  91  8:05  Archon  
  89  8:06  Zealot x4  
  89  8:07  Zealot  
  89  8:10  Zealot  
  94  8:13  Immortal (Chrono Boost)  
  86  8:30  Zealot  
  86  8:31  Zealot x5  
  92  8:42  Probe x3, Immortal (Chrono Boost)  
  99  8:54  Forge  
  99  8:57  Assimilator  
  99  8:58  Assimilator, High Templar  
  99  8:59  High Templar x5  
  107  9:02  High Templar  
  107  9:05  High Templar  
  107  9:08  Zealot x2  
  107  9:17  Pylon  
  107  9:18  Protoss Ground Weapons Level 1 (Chrono Boost), Immortal (Chrono Boost)  
  107  9:19  Pylon  
  111  9:38  Zealot x2  
  113  9:39  Zealot  
  113  9:40  Zealot  
  113  9:41  Zealot x2  
  113  9:42  Zealot  
  124  9:46  Pylon  
  124  9:50  Immortal (Chrono Boost)  
  128  10:08  Nexus  
  128  10:14  High Templar x4  
  130  10:15  Zealot x3  
  130  10:18  Archon x2  
  140  10:22  Pylon  
  140  10:23  Pylon  
  140  10:25  Pylon  
  140  10:27  Observer (Chrono Boost)  
  139  10:48  Stalker x6  
  139  10:49  Stalker x2  
  155  10:52  Stalker  
  155  10:55  Stalker  
  145  11:05  Phoenix (Chrono Boost)  
  131  11:22  Phoenix (Chrono Boost)  
  111  11:34  Archon x2  
  111  11:37  Zealot x10  
Tags
 
Add a new tag
Caveats
  • Supply blocks, unpowered buildings, or Contaminate may cause inaccurate times.
  • Supply counts are checked every 10 seconds.